 Dungeon Crawl Stone Soup version 0.21-a0-513-gdcb3f5e (webtiles) character file.

9 papiloppo the Ogre Mage (level 2, 0/24 HPs)
             Began as an Ogre Wizard on Dec 2, 2017.
             Slain by a hobgoblin
             ... wielding a +0 club
              (3 damage)
             ... on level 1 of the Dungeon.
             The game lasted 00:01:14 (205 turns).

papiloppo the Ogre Mage (Ogre Wizard)                Turns: 205, Time: 00:01:15

Health: 0/24       AC:  3    Str: 10    XL:     2   Next: 16%
Magic:  2/7        EV: 10    Int: 19    God:
Gold:   11         SH:  0    Dex:  7    Spells: 8/9 levels left

rFire    . . .     SeeInvis .   (no weapon)
rCold    . . .     Gourm    .   (no shield)
rNeg     . . .     Faith    .   a - +0 robe
rPois    .         Spirit   .   b - +0 hat
rElec    .         Reflect  .   (no cloak)
rCorr    .         Harm     .   (gloves unavailable)
MR       .....                  (boots unavailable)
Stlth    +.........             (no amulet)
HPRegen  0.08/turn              (no ring)
MPRegen  0.10/turn              (no ring)

@: very slightly contaminated
A: large, unfitting armour, tough skin 1
a: no special abilities


You were on level 1 of the Dungeon.
You were not hungry.

You visited 1 branch of the dungeon, and saw 1 of its levels.

You collected 11 gold pieces.

Inventory:

Armour
 a - a +0 robe (worn)
 b - a +0 hat (worn)
Scrolls
 e - a scroll of identify {unknown}
 g - a scroll of magic mapping {unknown}
 h - a scroll of random uselessness {unknown}
Potions
 i - a potion of berserk rage {unknown}
Books
 c - a book of Minor Magic

   Spells                             Type                      Level
   a - Magic Dart                     Conjuration                  1
   b - Blink                          Translocation                2
   c - Call Imp                       Summoning                    2
   d - Slow                           Hexes                        2
   e - Conjure Flame                  Conjuration/Fire             3
   f - Mephitic Cloud                 Conjuration/Poison/Air       3
Comestibles
 d - a bread ration
 f - a meat ration
 j - a chunk of flesh


   Skills:
 + Level 0.2 Fighting
 + Level 1.8 Dodging
 - Level 1.5 Stealth
 + Level 4.1 Spellcasting
 + Level 0.9 Conjurations
   Level 0.8 Summonings
   Level 0.8 Translocations


You had 8 spell levels left.
You knew the following spells:

 Your Spells              Type           Power        Failure   Level  Hunger
a - Magic Dart            Conj           #...         10%         1    None


Dungeon Overview and Level Annotations

Branches:
Dungeon (1/15)

Altars:


Innate Abilities, Weirdness & Mutations

You are too large for most types of armour.
You have tough skin. (AC +1)


Message History

The bat hits you.
You miss the bat.
The bat is severely wounded.
The bat hits you but does no damage. The bat misses you.
You miss the bat.
The bat is severely wounded.
The bat hits you but does no damage.
You hit the bat.
You kill the bat!
You barely miss the hobgoblin. The hobgoblin hits you with a club.
* * * LOW HITPOINT WARNING * * *
Casting: Magic Dart
Confirm with . or Enter, or press ? or * to list all spells.
Aiming: Magic Dart
Press: ? - help, Shift-Dir - straight line, f - hobgoblin
Aim: a hobgoblin, wielding a club You miscast Magic Dart.
You are very lightly contaminated with residual magic.
Your hair stands on end.
The hobgoblin hits you with a club.
You die...

#.........##..#.≈≈≈≈≈K#..#
#.........##†.#..[†..n#..#
#.........##..#########..#
..................'''.....#
##....g....#....###.###...#
#....#....#.##.#.....#.###
..###.####.#.##.#..<..#.# . ..
#g#.##.#.....#.#
#######@#.##.#######'###
#.......#.##............
#.###......#......).....
#..........#............ .
#####......#............
...##########......#............
................................
.........†...................(..
................................


You could see a hobgoblin.

Vanquished Creatures
  2 bats (D:1)
  A giant cockroach (D:1)
  A goblin (D:1)
  A hobgoblin (D:1)
  2 frilled lizards (D:1)
  2 rats (D:1)
9 creatures vanquished.

Vanquished Creatures (others)
  A ghoul (D:1)
  A minotaur (D:1)
  An octopode (D:1)
  A gargoyle (D:1)
  A troll (D:1)
  3 spriggans (D:1)
  2 vampires (D:1)
  2 humans (D:1)
  A dwarf (D:1)
  A mummy (D:1)
  A kobold (D:1)
  16 tentacles (D:1)
31 creatures vanquished.

Grand Total: 40 creatures vanquished

Notes
Turn   | Place    | Note
-------+----------+-------------------------------------------
     0 | D:1      | papiloppo the Ogre Wizard began the quest for the Orb.
     0 | D:1      | Reached XP level 1. HP: 16/16 MP: 5/5
     2 | D:1      | Noticed an octopode
     2 | D:1      | Noticed a dwarf
     2 | D:1      | Noticed a vampire
     2 | D:1      | Noticed a minotaur
     2 | D:1      | Noticed a human
     2 | D:1      | Noticed a ghoul
     2 | D:1      | Noticed a spriggan
     2 | D:1      | Noticed a vampire
     2 | D:1      | Noticed a spriggan
     2 | D:1      | Noticed a kraken
     2 | D:1      | Noticed a spriggan
     2 | D:1      | Noticed a gargoyle
     2 | D:1      | Noticed a troll
     2 | D:1      | Noticed a human
     4 | D:1      | Killed a gargoyle
     5 | D:1      | Killed a troll
    10 | D:1      | Killed a dwarf
    10 | D:1      | Killed a spriggan
    13 | D:1      | Killed a spriggan
    16 | D:1      | Killed a human
    20 | D:1      | Killed an octopode
    26 | D:1      | Killed a vampire
    28 | D:1      | Killed a vampire
    31 | D:1      | Killed a minotaur
    33 | D:1      | Killed a spriggan
    40 | D:1      | Killed a ghoul
    45 | D:1      | Killed a human
   162 | D:1      | Reached skill level 4 in Spellcasting
   162 | D:1      | Reached XP level 2. HP: 18/24 MP: 1/7
   205 | D:1      | Slain by a hobgoblin

Vault maps used:
D:1:      nicolae_arrival_kraken_aquarium_b, lemuel_old_faithful

Skill      XL: |  1 |
---------------+----+-----
Spellcasting   | 4 |  4.1
Fighting       | |  0.2
Dodging        | |  1.8
Stealth        | |  1.5
Conjurations   | |  0.9
Summonings     | |  0.8
Translocations | |  0.8

Action                   || total
-------------------------++-------
Melee: Unarmed           ||    50
 Cast: Magic Dart        ||    16
Armor: Robe              ||    23
Dodge: Dodged            ||    27

Table legend:
 A = Spawn XP
 B = Non-spawn XP
 C = Spawn XP percentage of total XP
 D = Spawn monster count
 E = Non-spawn monster count
 F = Spawn count percentage of total count
 G = Total turns spent on level
                    A         B        C        D         E        F      G
               +---------+---------+-------+---------+---------+-------+---------
         Total |       0 |      14 |   0.0 |       0 |       9 |   0.0 |   205
               +---------+---------+-------+---------+---------+-------+---------
           D:1 |       0 |      14 |   0.0 |       0 |       9 |   0.0 |   205
               +---------+---------+-------+---------+---------+-------+---------
